 Dungeon Crawl Stone Soup version 0.32-a0-666-ge8a88695a4 (webtiles) character file.

Game seed: 10120296006788873570

3915268 Khashishi the Slayer (level 27, 211/237 HPs)
             Began as a Mummy Monk on Mar 9, 2024.
             Was a High Priest of Qazlal.
             Escaped with the Orb
             ... and 5 runes
             ... and 1 gem on Mar 10, 2024!
             The game lasted 06:58:22 (54541 turns).

Khashishi the Slayer (Mummy Monk)                  Turns: 54541, Time: 06:58:23

Health: 211/237    AC: 43    Str: 27      XL:     27
Magic:  37/37      EV:  9    Int:  7 (13) God:    Qazlal [*****.]
Gold:   4766       SH: 35    Dex: 10 (15) Spells: 26/26 levels left

rFire   + + +        i - +3 war axe "Newt's Funeral" {flame, *Corrode rElec rF++ rN+}
rCold   + . .        P - +3 tower shield {rPois}
rNeg    + + +        J - +9 plate armour "Eqoaqin" {+Inv rC- rCorr}
rPois   ∞            D - +2 helmet {SInv}
rElec   +            I - scarf {rC+ rF+}
rCorr   +            z - +1 pair of gloves
SInv    +            h - +3 pair of seven-league boots {Rampage+∞}
Will    ++++.        K - amulet "Voeh" {Reflect Regen+ SH+5 SInv} Stlth
                     n - +4 ring of protection
HPRegen 1.39/turn    A - ring of Atzulaky {Fly rF+ Will+ rCorr Str+3}
MPRegen 0.25/turn

%: corrode self (3%), repel missiles, reflection, rampage+∞, faith
@: flying, studying 5 skills
A: cold resistance 1, negative energy resistance 3, torment resistance 2, heat
vulnerability 1, in touch with death 2, no potions, faith
0: Orb of Zot
}: 5/15 runes: serpentine, barnacled, slimy, silver, abyssal
a: Renounce Religion, Evoke Invisibility, Upheaval, Elemental Force, Disaster
Area


You escaped.
You worshipped Qazlal.
Qazlal was extremely pleased with you.
You visited 11 branches of the dungeon, and saw 55 of its levels.
You visited the Abyss 1 time.
You visited 2 bazaars.
You also visited: Ossuary, Ice Cave and Wizlab.

You collected 9145 gold pieces.
You spent 4379 gold pieces at shops.

Inventory:

Hand Weapons
 a - a +6 broad axe of protection
 b - the +8 trishula "Condemnation" {holy, anguish, *Noise Fly rN+}
   (You found it on level 1 of the Shoals)

   rN+:       It protects you from negative energy.
   Fly:       It grants you flight.
   *Noise:    It may make a loud noise when swung.
 d - a +2 war axe of distortion
 i - the +3 war axe "Newt's Funeral" (weapon) {flame, *Corrode rElec rF++ rN+}
   (You found it on level 5 of the Pits of Slime)

   rF++:      It greatly protects you from fire.
   rElec:     It insulates you from electricity.
   rN+:       It protects you from negative energy.
   *Corrode:  It may corrode you when you take damage.
 j - a +0 vampiric war axe
 l - a +2 antimagic hand axe
 s - the +3 war axe of Tatiur {speed, Fly rC+ rN+ Int-3}
   (You found it on level 1 of the Realm of Zot)

   Int-3:     It affects your intelligence (-3).
   rC+:       It protects you from cold.
   rN+:       It protects you from negative energy.
   Fly:       It grants you flight.
 H - a +6 war axe of flaming
 S - a +6 vampiric trident
Missiles
 O - 6 throwing nets (quivered)
Armour
 h - the +3 pair of seven-league boots (worn) {Rampage+∞}
   (You bought it in a shop on level 2 of the Orcish Mines)

   Rampage+∞: When moving toward enemies, its wearer moves as far as possible,
   alerting their target en route.
 z - a +1 pair of gloves (worn)
 B - the +3 buckler of the Eternal Fruit {rF+ Slay+3}
   (You found it on level 3 of the Depths)

   Slay+3:    It affects your accuracy & damage with ranged weapons and melee
   (+3).
   rF+:       It protects you from fire.
 C - +0 gold dragon scales
 D - a +2 helmet of see invisible (worn)
 F - +2 fire dragon scales
 I - a scarf of resistance (worn)
 J - the +9 plate armour "Eqoaqin" (worn) {+Inv rC- rCorr}
   (You bought it in a shop on level 2 of the Orcish Mines)

   rC-:       It makes you vulnerable to cold.
   +Inv:      It lets you turn invisible.
   rCorr:     It protects you from acid and corrosion.
 P - a +3 tower shield of poison resistance (worn)
Jewellery
 n - a +4 ring of protection (left hand)
 u - a ring of protection from fire
 w - the ring "Unoos" {rC- Will+ Str+3 Dex+3 SInv}
   (You acquired it on level 5 of the Dungeon)

   [ring of willpower]

   Str+3:     It affects your strength (+3).
   Dex+3:     It affects your dexterity (+3).
   rC-:       It makes you vulnerable to cold.
   Will+:     It increases your willpower.
   SInv:      It lets you see invisible.
 A - the ring of Atzulaky (right hand) {Fly rF+ Will+ rCorr Str+3}
   (You found it on level 5 of the Vaults)

   [ring of protection from fire]

   Str+3:     It affects your strength (+3).
   rF+:       It protects you from fire.
   Will+:     It increases your willpower.
   Fly:       It grants you flight.
   rCorr:     It protects you from acid and corrosion.
 K - the amulet "Voeh" (around neck) {Reflect Regen+ SH+5 SInv}
   (You acquired it on level 4 of the Lair of Beasts)

   [amulet of reflection]

   Reflect:   It reflects blocked missile attacks.
   SInv:      It lets you see invisible.
   Regen+:    It increases your rate of health regeneration.
   SH+5:      It affects your SH (+5).
 T - the ring "Efiwi" {Ice rElec rCorr}
   (You found it in a wizard's laboratory)

   [ring of ice]

   Ice:       It enhances your ice magic.
   rF-:       It makes you vulnerable to fire.
   rC+:       It protects you from cold.
   rElec:     It insulates you from electricity.
   rCorr:     It protects you from acid and corrosion.
Wands
 q - a wand of light (38)
 t - a wand of iceblast (49)
 G - a wand of digging (30)
Scrolls
 c - 2 scrolls of vulnerability
 e - a scroll of revelation
 f - 9 scrolls of poison
 k - 9 scrolls of fear
 m - 20 scrolls of teleportation
 p - 4 scrolls of immolation
 r - 12 scrolls of blinking
 v - 2 scrolls of enchant armour
 x - 9 scrolls of fog
 y - 2 scrolls of amnesia
 E - a scroll of torment
 M - 3 scrolls of silence
Miscellaneous
 g - a lightning rod (1/4)
 o - a phial of floods
 N - a phantom mirror
 Q - a sack of spiders (inert)


   Skills:
 + Level 23.6 Fighting
 - Level 0.6 Short Blades
 + Level 21.2 Axes
 + Level 20.2 Armour
 - Level 4.0 Dodging
 + Level 19.5 Shields
 + Level 21.7 Invocations


You had 26 spell levels left.
You didn't know any spells.
Your spell library contained the following spells:

 Spells                   Type           Power      Damage    Failure   Level
 Apportation              Tloc           0%         N/A       98%         1
 Freeze                   Ice            0%         1d3       98%         1
 Kiss of Death            Conj/Necr      0%         2d5       98%         1
 Necrotise                Necr           0%         1d4       98%         1
 Shock                    Conj/Air       0%         1d3       98%         1
 Slow                     Hex            0%         N/A       98%         1
 Blink                    Tloc           0%         N/A       99%         2
 Call Imp                 Summ           0%         N/A       99%         2
 Cigotuvi's Dreadful Rot  Necr/Alch/Air  0%         N/A       99%         2
 Ensorcelled Hibernation  Hex/Ice        0%         N/A       99%         2
 Jinxbite                 Hex            0%         N/A       99%         2
 Lesser Beckoning         Tloc           0%         N/A       99%         2
 Momentum Strike          Conj/Tloc      0%         3d8       99%         2
 Scorch                   Fire           0%         2d5       99%         2
 Static Discharge         Conj/Air       0%         3-3/arc   99%         2
 Confusing Touch          Hex            0%         N/A       100%        3
 Frozen Ramparts          Ice            0%         1d1       100%        3
 Fugue of the Fallen      Necr           0%         N/A       100%        3
 Hailstorm                Conj/Ice       0%         3d5       100%        3
 Inner Flame              Hex/Fire       0%         N/A       100%        3
 Ozocubu's Armour         Ice            0%         N/A       100%        3
 Sigil of Binding         Hex            0%         N/A       100%        3
 Summon Ice Beast         Ice/Summ       0%         N/A       100%        3
 Swiftness                Air            0%         N/A       100%        3
 Vampiric Draining        Necr           0%         2d6       100%        3
 Volatile Blastmotes      Fire/Tloc      0%         2d10      100%        3
 Airstrike                Air            0%         2d(0-16)  100%        4
 Anguish                  Hex/Necr       0%         N/A       100%        4
 Animate Armour           Summ/Erth      0%         N/A       100%        4
 Animate Dead             Necr           0%         N/A       100%        4
 Brom's Barrelling Bould  Conj/Erth      0%         2d3       100%        4
 Cause Fear               Hex            0%         N/A       100%        4
 Dispel Undead            Necr           0%         3d6       100%        4
 Flame Wave               Conj/Fire      0%         2d4       100%        4
 Fulminant Prism          Conj/Alch      0%         3d5       100%        4
 Ignite Poison            Fire/Alch      0%         N/A       100%        4
 Iskenderun's Mystic Bla  Conj/Tloc      0%         2d3       100%        4
 Leda's Liquefaction      Alch/Erth      0%         N/A       100%        4
 Manifold Assault         Tloc           0%         N/A       100%        4
 Martyr's Knell           Necr/Summ      0%         N/A       100%        4
 Olgreb's Toxic Radiance  Alch           0%         N/A       100%        4
 Passage of Golubria      Tloc           0%         N/A       100%        4
 Petrify                  Alch/Erth      0%         N/A       100%        4
 Summon Lightning Spire   Summ/Air       0%         N/A       100%        4
 Vhi's Electric Charge    Tloc/Air       0%         N/A       100%        4
 Alistair's Intoxication  Alch           0%         N/A       100%        5
 Arcjolt                  Conj/Air       0%         1d10      100%        5
 Borgnjor's Vile Clutch   Necr/Erth      0%         N/A       100%        5
 Fireball                 Conj/Fire      0%         3d3       100%        5
 Freezing Cloud           Conj/Ice/Air   0%         6-21      100%        5
 Irradiate                Conj/Alch      0%         3d11      100%        5
 Iskenderun's Battlesphe  Conj           0%         2d6       100%        5
 Lee's Rapid Deconstruct  Erth           0%         3d4*      100%        5
 Metabolic Englaciation   Hex/Ice        0%         N/A       100%        5
 Silence                  Hex/Air        0%         N/A       100%        5
 Summon Forest            Summ/Tloc      0%         N/A       100%        5
 Summon Mana Viper        Hex/Summ       0%         N/A       100%        5
 Yara's Violent Unravell  Hex/Alch       0%         3d3       100%        5
 Conjure Ball Lightning   Conj/Air       0%         3x3d6     100%        6
 Death Channel            Necr           0%         N/A       100%        6
 Dispersal                Tloc           0%         N/A       100%        6
 Eringya's Noxious Bog    Alch           0%         4d6       100%        6
 Sculpt Simulacrum        Ice/Alch       0%         N/A       100%        6
 Summon Cactus Giant      Summ           0%         N/A       100%        6
 Enfeeble                 Hex            0%         N/A       100%        7
 Haunt                    Necr/Summ      0%         N/A       100%        7
 Monstrous Menagerie      Summ           0%         N/A       100%        7
 Orb of Destruction       Conj           0%         9d5       100%        7
 Ozocubu's Refrigeration  Ice            0%         4d7       100%        7
 Summon Hydra             Summ           0%         N/A       100%        7
 Discord                  Hex            0%         N/A       100%        8
 Disjunction              Tloc           0%         N/A       100%        8
 Ignition                 Fire           0%         3d3       100%        8
 Lehudib's Crystal Spear  Conj/Erth      0%         10d2      100%        8
 Chain Lightning          Conj/Air       0%         N/A       100%        9
 Fire Storm               Conj/Fire      0%         5d1       100%        9
 Polar Vortex             Ice            0%         N/A       100%        9
 Shatter                  Erth           0%         3d5*      100%        9
 Sublimation of Blood     Necr           Unusable   N/A       N/A         2
 Borgnjor's Revivificati  Necr           Unusable   N/A       N/A         8
 Death's Door             Necr           Unusable   N/A       N/A         9

Dungeon Overview and Level Annotations

Branches:
Dungeon (15/15)            Temple (0/1) D:7            Lair (5/5) D:8
 Shoals (4/4) Lair:3        Snake (4/4) Lair:3        Slime (5/5) Lair:5
    Orc (2/2) D:11            Elf (3/3) Orc:2        Vaults (5/5) D:14
  Crypt (3/3) Vaults:2       Tomb (0/3) Crypt:3      Depths (4/4) D:15
    Zot (5/5) Depths:4    Ossuary (visited)           IceCv (visited)
 WizLab (visited)

Altars:
Cheibriados
Dithmenos
Fedhas
Kikubaaqudgha
Okawaru
Qazlal
Vehumet
Yredelemnul
Beogh
Jiyva

Shops:
D:7 *=[   D:8 *   Orc:1 (   Orc:2 [*:[([([[   Elf:1 [:[(   Elf:3 !(*
Shoals:1 [(   Shoals:2 ([:(?   Snake:2 :   Vaults:4 (   Vaults:5 [
Depths:1 ::=   Depths:3 *

Portals:
Hell: Depths:1 Depths:2 Depths:3 Depths:4
Abyss: Depths:2 Depths:3
Pandemonium: Depths:2
Ziggurat: Depths:1
Trove: Depths:3 (give +5 fire dragon scales)


Innate Abilities, Weirdness & Mutations

You are immune to poison.
Your flesh is cold resistant. (rC+)
You are immune to negative energy. (rN+++)
You are immune to unholy pain and torment.
You are vulnerable to heat. (rF-)
You are strongly in touch with the powers of death.
You do not drink.
You have a special connection with the divine. (Faith)


Message History

You block the profane servitor's attack. x2
You completely miss the profane servitor.
The profane servitor is almost destroyed.
You block the profane servitor's attack.
The profane servitor closely misses you.
You slash the profane servitor! You burn the profane servitor.
You destroy the profane servitor!
Qazlal accepts your kill.
You feel your strength returning.
No target in view!
There is a stone staircase leading up here.
You fly upwards.
There is a stone staircase leading down here.
There is a stone staircase leading up here.
You fly upwards.
There is a stone staircase leading down here.
There is an escape hatch in the ceiling here.
A mysterious force pulls you upwards. The hatch slams shut behind you.
There is a stone staircase leading up here.
You fly upwards.
There is a stone staircase leading down here.
Aiming: Dig
Press: ? - help, Shift-Dir - straight line A rock wall.
This square is covered in magical glow.
The rock shatters into small pieces.
There is a stone staircase leading up here.
You fly upwards.
There is a stone staircase leading down here.
There is an escape hatch in the ceiling here.
A mysterious force pulls you upwards. The hatch slams shut behind you.
Aiming: Dig
Press: ? - help, Shift-Dir - straight line A rock wall.
The rock shatters into small pieces.
A Brimstone Fiend comes into view.
The Brimstone Fiend gestures at you.
The sphere of damnation explodes!
The damnation engulfs you!!
There is a staircase leading out of the dungeon here.
You have escaped!

..###....#.#.#.#.#.#.#.#...###.##
..# #.###...............##..##...
..###.##......#..........#.......
..#....##.......#1......##.......
..#.###......#....#......#..###..
###.# ###...........#...##..# ###
#.# #....#.#§#.#...#..##.# #.#
##...............##### #.#
#...#..#°@.#..#...# #.#
##......○○§......## #.#
#..#...#.#.#.#....# #.#
##...#...........## #.#
#......#....#.^...######## #.#
##.......#.......##.......
#.####..........#......#.......
#....##...............##.......
#.##...#.#.#.#.#.#.#.#.+.......


You could see a Brimstone Fiend.

Vanquished Creatures
  4 dread liches
  5 orbs of fire
  An ancient lich (Zot:5)
  Mennas (Crypt:1)
  2 juggernauts
  Xtahua (Vaults:2)
  6 Killer Klowns
  Saint Roka (Snake:4)
  5 curse toes
  10 golden dragons
  A bone dragon (Depths:4)
  Norris (Vaults:1)
  A profane servitor (D:7)
  4 electric golems
  The ghost of Dyigyrgh the Warrior, an adept GrFi of Cheibriados (Crypt:3)
  Jorgrun (Snake:2)
  Mlioglotl (Snake:4)
  12 tentacled monstrosities
  7 liches
  A shard shrike skeleton (Crypt:3)
  2 deep elf master archers (Elf:3)
  3 titans
  23 Orb Guardians
  A walking frostbound tome (Depths:3)
  5 krakens (Shoals:1)
  5 quicksilver dragons
  An Executioner (D:9)
  30 acid blobs
  4 sphinxes
  3 tentacled starspawn (Abyss:3)
  4 ancient champions
  10 death cobs
  Agnes (Snake:4)
  5 tengu reavers
  7 storm dragons
  5 draconian monks
  10 azure jellies
  13 shadow dragons
  25 vault wardens
  4 protean progenitors
  Aizul (Snake:4)
  7 rockslimes
  A revenant (Crypt:1)
  7 draconian knights
  6 frost giants
  10 fire giants
  2 draconian shifters
  6 deep elf sorcerers (Elf:3)
  3 nagarajas
  An iron dragon (Depths:4)
  5 curse skulls
  A caustic shrike zombie (Crypt:3)
  A balrug (Abyss:3)
  5 draconian scorchers
  6 deep elf elementalists
  5 draconian stormcallers
  A ghost moth (Zot:4)
  7 ghouls
  2 cacodemons
  An angel (WizLab)
  3 orc warlords
  16 very ugly things
  21 quicksilver oozes
  9 draconian annihilators
  The ghost of Savior361 the Severer, a journeyman CoBe of Trog (Orc:2)
  13 stone giants
  2 vampire knights (Crypt:2)
  10 ironbound thunderhulks
  12 ironbound preservers
  Nessos (Lair:4)
  9 formless jellyfish
  11 green draconians
  12 black draconians
  A lorocyproca (Depths:3)
  11 deep elf demonologists
  12 white draconians
  8 deep elf annihilators
  20 yellow draconians
  8 deep elf death magi
  2 red draconians
  5 dire elephants
  The ghost of Aldia the Basher, a journeyman MDNe of Beogh (Lair:2)
  An eidolon (Crypt:1)
  Snorg (Lair:4)
  8 ettins
  14 purple draconians
  4 war gargoyles
  7 merfolk javelineers
  5 fire dragons
  8 merfolk impalers
  3 crystal guardians
  11 jiangshi
  Josephine (D:12)
  7 great orbs of eyes
  A spriggan zombie (Crypt:3)
  3 rakshasas
  4 deep elf high priests
  2 entropy weavers
  4 ice dragons
  7 yaktaur captains
  A hell beast (Depths:2)
  Fannar (D:11)
  Erolcha (D:12)
  12 peacekeepers
  A quicksilver dragon skeleton (Crypt:3)
  A sphinx zombie (Depths:2)
  7 centaur warriors
  5 salamander tyrants
  2 ogre magi
  41 vault guards
  4 hydras
  12 ironbound frosthearts
  13 two-headed ogres
  2 catoblepae
  A fenstrider witch skeleton (Crypt:2)
  3 merfolk avatars
  4 spriggan air magi
  A jorogumo (Zot:2)
  3 alligator snapping turtles
  26 dancing weapons
  A death knight (Crypt:2)
  5 merfolk aquamancers
  A two-headed ogre (shapeshifter) (Vaults:4)
  11 anacondas
  5 boulder beetles
  9 death yaks
  A demonic crawler (Depths:3)
  A quicksilver ooze zombie (Crypt:2)
  A sphinx skeleton (Vaults:4)
  3 tengu warriors (Depths:1)
  4 vampire magi
  An occultist (D:15)
  4 deep troll shamans
  7 naga warriors
  Urug (D:12)
  7 orc high priests
  6 deep troll earth magi
  12 spriggan berserkers
  6 shock serpents
  15 naga sharpshooters
  A soul eater (Crypt:3)
  2 sun demons (Abyss:3)
  7 skysharks
  7 hell knights
  4 wretched stars (Abyss:3)
  A fire crab (shapeshifter) (Depths:4)
  A skyshark (shapeshifter) (Depths:3)
  21 deep elf knights
  3 iron trolls
  10 sea snakes
  An iron giant zombie (Crypt:3)
  A bunyip zombie (Crypt:3)
  5 sixfirhies
  Amaemon (Lair:3)
  8 salamander mystics
  A titan skeleton (Crypt:1)
  39 deep trolls
  5 shadow wraiths
  22 skeletal warriors
  4 glowing orange brains
  3 anaconda zombies
  22 deep elf archers
  4 flayed ghosts
  7 arcanists
  20 ironbound convokers
  10 lindwurms
  2 naga ritualists
  3 bog bodies
  Pikel (D:7)
  6 mana vipers
  31 deep elf zephyrmancers
  15 orc knights
  11 phantasmal warriors
  27 harpies
  A lindwurm (shapeshifter) (Vaults:5)
  25 deep elf pyromancers
  7 thermic dynamos
  A harpy (shapeshifter) (D:14)
  A kraken simulacrum (Shoals:4)
  A wolf spider (Lair:5)
  2 lightning spires (WizLab)
  4 orc sorcerers
  18 ugly things
  4 oklob plants (Zot:4)
  9 necromancers
  16 shining eyes
  26 moths of wrath
  21 salamanders
  Maurice (D:9)
  10 manticores
  20 elephants
  11 fauns
  10 cyclopes
  A frost giant zombie (Crypt:2)
  An iron dragon skeleton (Crypt:2)
  5 meliai (Abyss:3)
  12 naga magi
  A torpor snail (Lair:4)
  An ice statue (IceCv)
  7 merfolk sirens
  7 guardian serpents
  25 vault sentinels
  4 water nymphs
  4 eyes of devastation
  2 molten gargoyles (WizLab)
  8 apocalypse crabs (Zot:1)
  4 orange demons
  25 black mambas
  An eye of devastation (shapeshifter) (Depths:3)
  4 large abominations
  7 gargoyles
  A dire elephant skeleton (Crypt:3)
  17 cane toads
  2 naga skeletons (Crypt:3)
  An alligator snapping turtle zombie (Crypt:3)
  A mana viper skeleton (Crypt:1)
  11 komodo dragons
  2 unseen horrors (D:10)
  An unseen horror zombie (Crypt:3)
  3 rime drakes
  A tormentor (Depths:3)
  2 storm dragon simulacra
  3 harpy zombies (Crypt:3)
  21 yaktaurs
  A guardian mummy (Crypt:3)
  6 freezing wraiths
  A purple draconian skeleton (Crypt:3)
  An ancient zyme (Abyss:3)
  A spriggan skeleton (Depths:2)
  A hellwing (D:15)
  9 trolls
  11 hornets
  44 merfolk
  2 queen bees
  3 wind drakes (Shoals:4)
  A hornet (shapeshifter) (D:14)
  12 raiju (Abyss:3)
  A tarantella (Vaults:3)
  An ettin zombie (Vaults:4)
  8 glass eyes
  12 snapping turtles
  17 blink frogs
  A harpy skeleton (Crypt:3)
  A snapping turtle (shapeshifter) (Depths:1)
  A stone giant simulacrum (Vaults:4)
  A meliai zombie (Crypt:3)
  15 dream sheep
  161 slime creatures
  A centaur simulacrum (D:14)
  A black mamba zombie (Crypt:3)
  7 spriggans
  2 air elementals
  A vampire (D:10)
  2 ynoxinuls (Abyss:3)
  14 water elementals
  8 wraiths
  15 wyverns
  Eustachio (D:6)
  A culicivora (Vaults:3)
  60 yaks
  20 starcursed masses (Abyss:3)
  9 golden eyes
  4 humans (D:14)
  5 wargs
  4 fire bats (Abyss:3)
  5 basilisks
  A hog (shapeshifter) (Vaults:5)
  A neqoxec (Abyss:3)
  A basilisk (shapeshifter) (Vaults:2)
  A steam dragon (D:9)
  5 fire elementals
  3 redbacks
  2 harpy simulacra
  4 small abominations (Abyss:3)
  2 death yak simulacra (IceCv)
  An elf simulacrum (Vaults:4)
  An acid dragon (D:12)
  2 glowing shapeshifter zombies (Depths:2)
  30 nagas
  2 hydra simulacra (IceCv)
  25 water moccasins
  A demonspawn skeleton (Crypt:1)
  49 orc warriors
  An ice beast (D:6)
  2 black bears
  2 sky beasts
  An ettin simulacrum (Vaults:4)
  7 ogres
  A boggart (Vaults:1)
  12 laughing skulls
  23 wolves
  A hog zombie (Crypt:2)
  17 centaurs
  A rime drake zombie (Crypt:3)
  2 lemures (D:7)
  A phantom (D:4)
  A kobold brigand (D:8)
  A brain worm (Abyss:3)
  A rime drake skeleton (Crypt:2)
  12 bullfrogs
  2 gnoll sergeants (D:9)
  4 earth elementals
  6 two-headed ogre simulacra
  5 cane toad simulacra
  7 water moccasin zombies (Ossuary)
  3 scorpions
  A wyvern skeleton (Crypt:2)
  A burial acolyte (Ossuary)
  A cyclops skeleton (Crypt:1)
  3 wights (D:8)
  A hornet simulacrum (D:15)
  A queen bee zombie (Crypt:1)
  2 elephant simulacra (IceCv)
  24 killer bees
  A raiju zombie (Crypt:3)
  A yak skeleton (Crypt:3)
  3 electric eels
  6 howler monkeys
  A wolf zombie (Crypt:3)
  A human zombie (Crypt:3)
  3 gnoll boudas
  23 jellies
  4 hounds
  32 orc priests
  An iron imp (Abyss:3)
  Crazy Yiuf (D:7)
  2 sleepcaps
  2 iguanas
  19 orc wizards
  8 spriggan simulacra (IceCv)
  A polar bear simulacrum (Orc:1)
  7 troll simulacra (IceCv)
  3 wolf simulacra (IceCv)
  2 crocodile zombies (Ossuary)
  A tengu zombie (Crypt:2)
  A bullfrog simulacrum (Ossuary)
  A crocodile skeleton (Crypt:1)
  3 mummies
  27 gnolls
  A swamp drake zombie (Crypt:3)
  5 adders
  12 naga simulacra
  4 white imps (IceCv)
  6 ufetubi
  4 adder zombies (Ossuary)
  2 dart slugs
  A ribbon worm (D:3)
  130 orcs
  4 endoplasms
  4 giant cockroaches
  11 gnoll zombies (Ossuary)
  3 goblins
  5 hobgoblins
  5 quokkas
  4 ball pythons
  A ball python skeleton (Crypt:1)
  2 bats
  7 frilled lizards
  A gnoll skeleton (Crypt:2)
  6 jackal zombies (Ossuary)
  12 kobolds
  6 orc zombies
  4 rats (D:1)
  A lurking horror (Abyss:3)
  3 starspawn tentacles (Abyss:3)
  9 tentacles (Shoals:1)
2662 creatures vanquished.

Vanquished Creatures (collateral kills)
  the Royal Jelly (Slime:5)
  2 orbs of fire (Zot:5)
  A juggernaut (Depths:3)
  3 golden dragons
  Jory (Vaults:4)
  2 electric golems
  2 tentacled monstrosities (Zot:2)
  3 Orb Guardians (Zot:5)
  Zenata (Vaults:1)
  2 quicksilver dragons (Zot:4)
  A sphinx (Depths:3)
  A death cob (Zot:5)
  3 shadow dragons
  2 storm dragons (Zot:2)
  Donald (Vaults:1)
  A rockslime (Slime:5)
  2 draconian scorchers
  An angel (Abyss:3)
  A reaper (IceCv)
  2 draconian annihilators (Zot:2)
  A green draconian (Zot:2)
  A black draconian (Zot:5)
  A yellow draconian (Zot:2)
  A merfolk javelineer (Shoals:3)
  A yaktaur captain (Vaults:1)
  2 vault guards (Vaults:5)
  A catoblepas (Lair:3)
  A dancing weapon (Elf:2)
  A two-headed ogre (D:9)
  A jorogumo (Zot:2)
  A sphinx skeleton (D:15)
  An orc high priest (Orc:2)
  A vampire mage (D:15)
  A tengu warrior (D:15)
  3 hell knights (Depths:4)
  A skyshark (Shoals:2)
  A skeletal warrior (D:15)
  An ironbound convoker (Vaults:4)
  An orc knight (Orc:2)
  A salamander (Zot:2)
  A manticore (Shoals:3)
  A cyclops (D:15)
  3 moths of wrath
  A vault sentinel (Vaults:4)
  Maggie (Lair:2)
  A tengu conjurer (D:15)
  5 merfolk
  3 raiju (Abyss:3)
  A dream sheep (Lair:2)
  A spriggan zombie (D:15)
  A spriggan skeleton (D:15)
  A small abomination (Abyss:3)
  A water elemental (Shoals:3)
  A steam dragon (D:9)
  A naga (Snake:4)
  An orc warrior (Snake:4)
  A laughing skull (D:15)
  4 wolves (Lair:2)
  A centaur (D:8)
  A wight (D:8)
  A killer bee (D:8)
  2 orc priests (Orc:2)
  A hound (D:8)
  7 orcs
  6 tentacles (Shoals:1)
104 creatures vanquished.

Vanquished Creatures (others)
  A death cob (Zot:4)
  A sphinx (Depths:4)
  The ghost of Mungiw the Peltast, an adept MiBe of Trog (Shoals:2)
  A nagaraja (Snake:4)
  A fire giant (Depths:4)
  Louise (Shoals:4)
  A stone giant (Vaults:5)
  A purple draconian (Zot:5)
  A war gargoyle (WizLab)
  2 vault guards
  2 ice dragons (Zot:5)
  An anaconda (Snake:3)
  A vampire mage (Crypt:3)
  3 naga warriors
  A naga sharpshooter (Snake:3)
  A shock serpent (Snake:4)
  2 skysharks (Zot:5)
  3 deep elf knights
  A sea snake (Snake:2)
  3 deep elf zephyrmancers
  3 deep elf pyromancers
  3 manticores
  A salamander (Snake:4)
  A merfolk siren (Shoals:3)
  A black mamba (Snake:3)
  An apocalypse crab (Zot:1)
  A wind drake (Shoals:4)
  2 merfolk (Shoals:4)
  A spriggan (Depths:2)
  A human (D:14)
  A jelly (Zot:4)
  8 starspawn tentacles (Abyss:3)
  58 tentacles
111 creatures vanquished.

Grand Total: 2877 creatures vanquished

Notes
Turn   | Place    | Note
-------+----------+-------------------------------------------
     0 | D:1      | Khashishi the Mummy Monk began the quest for the Orb.
     0 | D:1      | Reached XP level 1. HP: 18/18 MP: 1/1
   167 | D:1      | Found a faded altar of an unknown god.
   173 | D:1      | Prayed at the altar of an unknown god.
   173 | D:1      | Became a worshipper of Qazlal Stormbringer
   173 | D:1      | Reached * piety under Qazlal
   173 | D:1      | Reached ** piety under Qazlal
   220 | D:1      | Reached XP level 2. HP: 24/24 MP: 2/2
   292 | D:1      | Reached *** piety under Qazlal
   883 | D:2      | Reached XP level 3. HP: 29/29 MP: 3/3
  1027 | D:3      | Reached skill level 1 in Armour
  1041 | D:3      | Reached skill level 1 in Invocations
  1803 | D:4      | Reached XP level 4. HP: 34/35 MP: 3/5
  1860 | D:4      | Reached **** piety under Qazlal
  1901 | D:4      | Noticed a scorpion
  1910 | D:4      | Killed a scorpion
  1911 | D:4      | Reached XP level 5. HP: 40/42 MP: 6/6
  1917 | D:4      | Found a sand-covered staircase.
  1928 | D:4      | Reached skill level 4 in Fighting
  1934 | D:4      | Identified the +0 robe "Tossur" {rF+ rC+ Str+2}
  1960 | Ossuary  | Entered an ossuary
  2013 | Ossuary  | Reached XP level 6. HP: 46/48 MP: 7/7
  2056 | Ossuary  | Reached ***** piety under Qazlal
  2138 | Ossuary  | Reached XP level 7. HP: 52/55 MP: 9/9
  2178 | Ossuary  | Reached skill level 5 in Fighting
  2207 | Ossuary  | Identified a scroll of acquirement
  2214 | D:4      | Acquired the +2 pair of boots of the Ego {rElec Dex+2}
  2576 | D:5      | Entered Level 5 of the Dungeon
  2603 | D:5      | Found a shadowy altar of Dithmenos.
  2666 | D:5      | Reached XP level 8. HP: 63/63 MP: 9/11
  2780 | D:5      | Acquired the ring "Unoos" {rC- Will+ Str+3 Dex+3 SInv}
  3116 | D:6      | Found an iron altar of Okawaru.
  3231 | D:6      | Reached skill level 6 in Fighting
  3272 | D:6      | Noticed Eustachio
  3280 | D:6      | Killed Eustachio
  3281 | D:6      | Reached skill level 5 in Axes
  3608 | D:7      | Reached skill level 5 in Invocations
  3703 | D:7      | Noticed Pikel
  3704 | D:7      | Reached XP level 9. HP: 71/71 MP: 12/12
  3721 | D:7      | Killed Pikel
  3722 | D:7      | Reached skill level 7 in Fighting
  3722 | D:7      | Reached skill level 5 in Armour
  3763 | D:7      | Found an ancient bone altar of Kikubaaqudgha.
  3791 | D:7      | Found Pasessoe's Assorted Antiques.
  3800 | D:7      | Bought a crooked copper wand for 80 gold pieces
  3800 | D:7      | Bought a scroll of teleportation for 60 gold pieces
  3888 | D:7      | Found Huzoan Gussu's Jewellery Shop.
  3898 | D:7      | Bought an amulet of the acrobat for 330 gold pieces
  3919 | D:7      | Found Cheibriados's Comfort Zone.
  3919 | D:7      | Found a snail-covered altar of Cheibriados.
  3943 | D:7      | Found a staircase to the Ecumenical Temple.
  3999 | D:7      | Found a runed translucent door.
  3999 | D:7      | Noticed Crazy Yiuf
  4006 | D:7      | Killed Crazy Yiuf
  4151 | D:8      | Noticed a cyclops
  4168 | D:8      | Killed a cyclops
  4186 | D:8      | You fall into a shaft and drop 3 floors!
  4186 | D:11     | Found a staircase to the Orcish Mines.
  4203 | D:11     | Noticed a troll
  4220 | D:11     | Killed a troll
  4240 | D:11     | Reached skill level 1 in Shields
  4296 | D:11     | Noticed a queen bee
  4308 | D:11     | Killed a queen bee
  4309 | D:11     | Reached XP level 10. HP: 80/80 MP: 14/14
  4336 | D:10     | Entered Level 10 of the Dungeon
  4380 | D:10     | Noticed a two-headed ogre
  4403 | D:9      | Reached ****** piety under Qazlal
  4436 | D:9      | Identified the ring of Circularity {*Corrode Fly rN+++
                  | Will- Str+4}
  4448 | D:9      | Noticed a two-headed ogre
  4459 | D:9      | Killed a two-headed ogre
  4460 | D:9      | Reached skill level 8 in Fighting
  4463 | D:9      | Found a basalt altar of Yredelemnul.
  4727 | D:8      | Found a staircase to the Lair.
  4851 | D:8      | Found Idigh's General Store.
  4858 | D:8      | Bought a scroll of enchant armour for 90 gold pieces
  4858 | D:8      | Bought a scroll of teleportation for 36 gold pieces
  4911 | Lair:1   | Entered Level 1 of the Lair of Beasts
  5030 | D:8      | Reached XP level 11. HP: 54/87 MP: 16/16
  5168 | Lair:1   | Reached skill level 9 in Fighting
  5446 | Lair:1   | Noticed a death yak
  5447 | Lair:1   | Noticed a death yak
  5457 | Lair:1   | Noticed a death yak
  5467 | Lair:1   | Killed a death yak
  5472 | Lair:1   | Killed a death yak
  5475 | Lair:1   | Killed a death yak
  5901 | Lair:2   | Noticed a catoblepas
  5908 | Lair:2   | Reached skill level 5 in Shields
  5919 | Lair:2   | Reached XP level 12. HP: 90/97 MP: 14/18
  5929 | Lair:2   | Reached skill level 10 in Fighting
  5929 | Lair:2   | Killed a catoblepas
  6042 | Lair:2   | Noticed Maggie
  6058 | Lair:2   | Killed Maggie
  6463 | Lair:2   | Found a runed translucent gate.
  6463 | Lair:2   | Found a runed translucent gate.
  6463 | Lair:2   | Found a runed translucent gate.
  6464 | Lair:2   | Noticed a 13-headed hydra
  6465 | Lair:2   | Noticed Aldia's ghost (journeyman MDNe)
  6739 | D:9      | Noticed Maurice
  6769 | D:9      | Killed Maurice
  7271 | Lair:3   | Noticed a catoblepas
  7285 | Lair:3   | Killed a catoblepas
  7421 | Lair:3   | Noticed a seven-headed hydra
  7430 | Lair:3   | Killed a seven-headed hydra
  7492 | Lair:3   | Found a staircase to the Shoals.
  7527 | Lair:3   | Found a staircase to the Snake Pit.
  7527 | Lair:3   | Noticed Amaemon
  7534 | Lair:3   | Killed Amaemon
  7617 | Lair:3   | Identified the +10 quarterstaff of a Billion Interlopers
                  | {freeze, rElec rF- Dex+3}
  8048 | Lair:4   | Noticed Nessos
  8080 | Lair:4   | Gained mutation: You are strongly in touch with the powers
                  | of death. [Mummy growth]
  8080 | Lair:4   | Reached XP level 13. HP: 95/105 MP: 20/20
  8087 | Lair:4   | Reached skill level 11 in Fighting
  8455 | Lair:4   | Acquired the amulet "Voeh" {Reflect Regen+ SH+5 SInv}
  8523 | Lair:4   | Noticed Snorg
  8544 | Lair:4   | Killed Snorg
  8545 | Lair:4   | Reached skill level 10 in Invocations
  8604 | Lair:4   | Killed Nessos
  8934 | Lair:5   | Entered Level 5 of the Lair of Beasts
  8948 | Lair:5   | Reached skill level 10 in Axes
  8958 | Lair:5   | Reached XP level 14. HP: 50/114 MP: 21/21
  8962 | Lair:5   | Reached skill level 12 in Fighting
  8993 | Lair:5   | Found a staircase to the Slime Pits.
  9175 | Lair:5   | Found a viscous altar of Jiyva.
  9283 | Lair:5   | Reached skill level 10 in Armour
 10526 | D:10     | Found a radiant altar of Vehumet.
 11038 | D:11     | Noticed Fannar
 11056 | D:11     | Killed Fannar
 11243 | D:11     | Identified the ring of the Doge {rN+ MP+9}
 11624 | Orc:1    | Entered Level 1 of the Orcish Mines
 11702 | Orc:1    | Found a frozen archway.
 11712 | IceCv    | Entered an ice cave
 11817 | IceCv    | Identified the ring "Ummeonof" {Ice *Slow rElec rCorr
                  | Slay+2}
 12029 | IceCv    | Noticed a reaper
 12141 | IceCv    | Killed a reaper
 12455 | Orc:2    | Entered Level 2 of the Orcish Mines
 12527 | Orc:2    | Found Juifumn's Armour Shop.
 12538 | Orc:2    | Found a runed translucent gate.
 12539 | Orc:2    | Found a runed translucent gate.
 12540 | Orc:2    | Found a runed translucent gate.
 12543 | Orc:2    | Noticed Savior361's ghost (journeyman CoBe)
 12550 | Orc:2    | Found a staircase to the Elven Halls.
 12550 | Orc:2    | Noticed an orc warlord
 12577 | Orc:2    | Found Otecsao's Antique Armour Emporium.
 12725 | Orc:2    | Found Xoluxag's Assorted Antiques.
 12743 | Orc:2    | Found Avoad's Book Shoppe.
 12761 | Orc:2    | Found Roklaap's Weapon Boutique.
 13229 | Orc:2    | Reached XP level 15. HP: 101/122 MP: 3/23
 13515 | Orc:2    | Found Ketaogh's Antique Armour Shoppe.
 13518 | Orc:2    | Found Cibusec's Armour Shoppe.
 13519 | Orc:2    | Found Opnunimm's Antique Armour Shoppe.
 13520 | Orc:2    | Found Woyhyes's Weapon Emporium.
 13553 | Orc:2    | Bought the +3 pair of seven-league boots {Rampage+∞} for
                  | 1440 gold pieces
 13553 | Orc:2    | Found the +3 pair of seven-league boots {Rampage+∞}
 13567 | Orc:2    | Bought a smoking cloak for 304 gold pieces
 13567 | Orc:2    | Identified the +0 cloak "Guco" {^Contam Fly Str+6 Int+4}
                  | (You bought it in a shop on level 2 of the Orcish Mines)
 13657 | Orc:2    | Found a roughly hewn altar of Beogh.
 13684 | Orc:1    | Reached skill level 13 in Fighting
 13768 | Orc:1    | Found Ryschiok's Weapon Boutique.
 13899 | Orc:2    | Killed Savior361's ghost
 14243 | D:12     | Noticed Erolcha
 14247 | D:12     | Killed Erolcha
 14303 | D:12     | Noticed Urug
 14341 | D:12     | Killed Urug
 14471 | D:12     | Found a roughly hewn altar of Beogh.
 14555 | D:12     | Noticed Josephine
 14571 | D:12     | Killed Josephine
 15210 | D:13     | Found a roughly hewn altar of Beogh.
 15981 | D:14     | Identified the +0 ring mail of the Sacrificial Victim {Fly}
 16004 | D:15     | Entered Level 15 of the Dungeon
 16014 | D:15     | Found a staircase to the Depths.
 16070 | D:15     | Reached XP level 16. HP: 60/132 MP: 23/25
 16077 | D:15     | Got a smoky gem with 109 turns to spare
 16174 | D:14     | Reached skill level 10 in Shields
 16509 | D:14     | Reached skill level 14 in Fighting
 16552 | D:14     | Found a gate to the Vaults.
 16865 | D:14     | Found a roughly hewn altar of Beogh.
 17804 | Shoals:1 | Entered Level 1 of the Shoals
 17808 | Shoals:1 | Noticed a kraken
 18077 | Shoals:1 | Found Neraalad's Antique Weapon Boutique.
 18113 | Shoals:1 | Noticed a kraken
 18118 | Shoals:1 | Noticed a kraken
 18124 | Shoals:1 | Found Pegiyt's Armour Shoppe.
 18126 | Shoals:1 | Killed a kraken
 18129 | Shoals:1 | Killed a kraken
 18131 | Shoals:1 | Killed a kraken
 18147 | Shoals:1 | Noticed a kraken
 18147 | Shoals:1 | Noticed a kraken
 18149 | Shoals:1 | Found the +8 trishula "Condemnation" {holy, anguish, *Noise
                  | Fly rN+}
 18379 | Shoals:1 | Killed a kraken
 18659 | Shoals:1 | Killed a kraken
 18874 | Shoals:2 | Found Nunoosm's Magic Scroll Shop.
 18910 | Shoals:2 | Reached XP level 17. HP: 58/140 MP: 26/26
 19089 | Shoals:2 | Found Inoyxt's Weapon Emporium.
 19126 | Shoals:2 | Found Giemopt's Antique Armour Shop.
 19179 | Shoals:2 | Found Tappekhi's Weapon Emporium.
 19303 | Shoals:2 | Found a runed translucent door.
 19303 | Shoals:2 | Noticed Mungiw's ghost (adept MiBe)
 19349 | Shoals:2 | Found Ziost's Book Boutique.
 19416 | Shoals:2 | Bought a scroll of acquirement for 728 gold pieces
 19417 | Shoals:2 | Acquired 795 gold pieces
 19771 | Shoals:2 | Killed Mungiw's ghost
 19777 | Shoals:2 | Identified the +7 shortbow "Gopais" {freeze, ^Contam rCorr
                  | Int+3}
 19808 | Shoals:3 | Reached skill level 15 in Fighting
 20680 | Shoals:4 | Entered Level 4 of the Shoals
 20767 | Shoals:4 | Noticed Louise
 20780 | Shoals:4 | Killed Louise
 21529 | Shoals:4 | Got a barnacled rune of Zot
 22061 | Snake:1  | Entered Level 1 of the Snake Pit
 22585 | Snake:2  | Found Mupsoc's Book Emporium.
 22774 | Snake:2  | Got the Papyrus of Radiant Malediction
 22781 | Snake:2  | Noticed Jorgrun
 22793 | Snake:2  | Killed Jorgrun
 22807 | Snake:2  | Reached XP level 18. HP: 151/151 MP: 28/28
 23466 | Snake:3  | Reached skill level 16 in Fighting
 23865 | Snake:4  | Entered Level 4 of the Snake Pit
 23873 | Snake:4  | Noticed Saint Roka
 23887 | Snake:4  | Killed Saint Roka
 24068 | Snake:4  | Noticed Agnes
 24108 | Snake:4  | Killed Agnes
 24256 | Snake:4  | Identified the serpent talisman of Jaestokh {*Corrode rF+
                  | rC+ rN++}
 24256 | Snake:4  | Noticed Aizul
 24275 | Snake:4  | Killed Aizul
 24643 | Snake:4  | Noticed Mlioglotl
 24659 | Snake:4  | Killed Mlioglotl
 24806 | Snake:4  | Got a serpentine rune of Zot
 25035 | Lair:2   | Killed Aldia's ghost
 25246 | Elf:1    | Entered Level 1 of the Elven Halls
 25255 | Elf:1    | Reached skill level 15 in Invocations
 25257 | Elf:1    | Reached XP level 19. HP: 120/159 MP: 30/30
 25863 | Elf:1    | Found Gaes's Book Boutique.
 25865 | Elf:1    | Found Poezyq Wezeg's Weapon Shop.
 25865 | Elf:1    | Found Umora's Armour Boutique.
 25868 | Elf:1    | Found Qiuhuagu's Antique Armour Shop.
 25981 | Elf:1    | Identified the +8 dire flail "Gydizoturch" {drain, Will+}
 26324 | Elf:2    | Paralysed by an air elemental for 1 turns
 26605 | Elf:2    | Found a runed translucent gate.
 26605 | Elf:2    | Found a runed translucent gate.
 26607 | Elf:2    | Found a runed translucent gate.
 26709 | Elf:2    | Found a runed translucent door.
 26763 | Elf:2    | Reached skill level 17 in Fighting
 28046 | Orc:2    | Bought a twisted plate armour for 896 gold pieces
 28046 | Orc:2    | Identified the +9 plate armour "Eqoaqin" {+Inv rC- rCorr}
                  | (You bought it in a shop on level 2 of the Orcish Mines)
 28177 | Elf:3    | Entered Level 3 of the Elven Halls
 28275 | Elf:3    | Identified the +1 cloak "Ososem" {*Corrode Str+3 Int+3
                  | Dex+3}
 28285 | Elf:3    | Found Ninit's Distillery.
 28321 | Elf:3    | Found Ytoekl Nubb's Antique Weapon Emporium.
 28348 | Elf:3    | Found Pylun's Assorted Antiques.
 28380 | Elf:3    | Bought a scroll of fear for 104 gold pieces
 28927 | Elf:3    | Reached XP level 20. HP: 139/168 MP: 31/31
 28961 | Elf:3    | Identified the ring of Woijoz Josch {rN+ Int+3 Stlth+}
 29131 | Elf:3    | Identified the +4 dagger "Anoesuit" {freeze, ^Fragile rN++
                  | Dex+5}
 29241 | Elf:3    | Found the +8 autumn katana {manifold assault}
 29257 | Elf:3    | Got the Catalogue of the Hyletic Sixfirhy
 29262 | Elf:3    | Got the Directory of the Contaminated Sky
 29296 | Elf:3    | Identified the +0 ring mail of Eternal Vigilance {Dex+3}
 29301 | Elf:3    | Identified the +1 robe of the Solstice {rF+ Str+5}
 29304 | Elf:3    | Got Tuolueci's Thoughts on Earth
 29325 | Elf:3    | Upgraded the game from 0.32-a0-656-g3542139ebd to
                  | 0.32-a0-666-ge8a88695a4
 29620 | Depths:1 | Entered Level 1 of the Depths
 29706 | Depths:1 | Found a gateway to Hell.
 29756 | Depths:1 | Found a one-way gateway to a ziggurat.
 29905 | Depths:1 | Reached skill level 15 in Axes
 30356 | Depths:1 | Found Qecekk's Jewellery Emporium.
 30356 | Depths:1 | Found Nadgh's Book Shop.
 30357 | Depths:1 | Found Agheaceb's Book Shop.
 30737 | Depths:2 | Reached skill level 15 in Armour
 30918 | Depths:2 | Found a one-way gate to the infinite horrors of the Abyss.
 30937 | Depths:2 | Reached skill level 18 in Fighting
 31200 | Depths:2 | Found a one-way gate leading to the halls of Pandemonium.
 31598 | Depths:3 | Noticed a golden dragon
 31613 | Depths:3 | Killed a golden dragon
 31781 | Depths:4 | Entered Level 4 of the Depths
 31781 | Depths:4 | Noticed a golden dragon
 31823 | Depths:3 | Noticed a juggernaut
 31824 | Depths:3 | Noticed a golden dragon
 31828 | Depths:3 | Reached XP level 21. HP: 177/177 MP: 24/33
 31841 | Depths:2 | Killed a juggernaut
 31935 | Depths:3 | Found Touhot's Assorted Antiques.
 31972 | Depths:3 | Noticed a juggernaut
 31985 | Depths:3 | Killed a juggernaut
 31986 | Depths:3 | Killed a golden dragon
 32117 | Depths:3 | Noticed a golden dragon
 32129 | Depths:3 | Killed a golden dragon
 32284 | Depths:3 | Identified the +1 lajatang of Benevolence {venom, rPois
                  | rC+}
 32434 | Depths:3 | Identified the +3 buckler of the Eternal Fruit {rF+ Slay+3}
 32618 | Depths:3 | Found a portal to a secret trove of treasure.
 32841 | Depths:4 | Noticed a juggernaut
 32854 | Depths:4 | Killed a golden dragon
 32859 | Depths:4 | Killed a juggernaut
 33022 | Depths:4 | Found a blossoming altar of Fedhas.
 33440 | Depths:4 | Noticed a golden dragon
 33447 | Depths:4 | Killed a golden dragon
 33757 | Depths:4 | Found a gate to the Realm of Zot.
 34304 | Vaults:1 | Entered Level 1 of the Vaults
 34445 | Vaults:1 | Noticed Donald
 34501 | Vaults:1 | Killed Donald
 34566 | Vaults:1 | Noticed Norris
 34581 | Vaults:1 | Killed Norris
 34588 | Vaults:1 | Found a flickering gateway to a bazaar.
 34607 | Bazaar   | Entered a bazaar
 34610 | Bazaar   | Found Urhijont's Armour Shop.
 34623 | Bazaar   | Found Miytz's Assorted Antiques.
 34636 | Bazaar   | Found Kosucest's Book Shop.
 34665 | Bazaar   | Found Hyaschiace's Distillery.
 35019 | Vaults:1 | Identified the +0 cloak of Gallantry {Rampage rElec rPois}
 35181 | Vaults:1 | Noticed Zenata
 35349 | Vaults:1 | Killed Zenata
 35939 | Vaults:2 | Reached skill level 15 in Shields
 35966 | Vaults:2 | Reached skill level 19 in Fighting
 36039 | Vaults:2 | Noticed Xtahua
 36062 | Vaults:2 | Killed Xtahua
 36063 | Vaults:2 | Reached XP level 22. HP: 161/187 MP: 34/34
 36187 | Vaults:2 | Found a staircase to the Crypt.
 36745 | Vaults:2 | Identified the +6 shortbow "Bompi" {speed, Will- Dex+5}
 37253 | Vaults:3 | Found a flickering gateway to a bazaar.
 37262 | Bazaar   | Entered a bazaar
 37263 | Bazaar   | Found Zucvisch's Antique Weapon Boutique.
 37267 | Bazaar   | Found Uciss's Antique Weapon Boutique.
 37267 | Bazaar   | Found Rawejoruu's Antique Armour Boutique.
 37268 | Bazaar   | Found Oqyih's Magic Scroll Boutique.
 37299 | Bazaar   | Bought a faintly humming scale mail for 144 gold pieces
 37299 | Bazaar   | Identified the +1 scale mail of Cotemyex {Regen+} (You
                  | bought it in a shop in a bazaar)
 37308 | Bazaar   | Bought a scroll of teleportation for 21 gold pieces
 37308 | Bazaar   | Bought a scroll of teleportation for 21 gold pieces
 37308 | Bazaar   | Bought a scroll of blinking for 52 gold pieces
 37308 | Bazaar   | Bought a scroll of teleportation for 21 gold pieces
 37308 | Bazaar   | Bought a scroll of blinking for 52 gold pieces
 38147 | Vaults:4 | Noticed Jory
 38154 | Vaults:4 | Killed Jory
 38287 | Vaults:4 | Found Laexteynn's Weapon Shop.
 38872 | Vaults:4 | Reached XP level 23. HP: 196/196 MP: 36/36
 39014 | Vaults:5 | Entered Level 5 of the Vaults
 39032 | Vaults:5 | Reached skill level 20 in Fighting
 39034 | Abyss:3  | Cast into level 3 of the Abyss (vault guard)
 39120 | Abyss:3  | Got an abyssal rune of Zot
 39265 | Abyss:3  | Paralysed by accursed screaming for 1 turns
 39408 | Vaults:5 | Escaped the Abyss
 39799 | Vaults:5 | Identified the +7 hand axe of Courage {speed, rElec Will+}
 39873 | Vaults:5 | Identified the ring of Atzulaky {Fly rF+ Will+ rCorr Str+3}
 39884 | Vaults:5 | Identified the +4 halberd of Immorality {antimagic, Str+4}
 40021 | Vaults:5 | Got a silver rune of Zot
 40304 | Vaults:5 | Reached XP level 24. HP: 199/206 MP: 36/36
 40349 | Vaults:5 | Identified the +0 sling of Seawentu {drain, rC+ Int+3}
 40367 | Vaults:5 | Identified the +12 arbalest "Hydrabane" {heavy, *Slow Int+6
                  | SInv}
 40484 | Vaults:5 | Found Habaal's Armour Shop.
 40705 | Crypt:1  | Entered Level 1 of the Crypt
 41067 | Crypt:1  | Noticed Mennas
 41136 | Crypt:1  | Killed Mennas
 42095 | Crypt:2  | Found a magical portal.
 42114 | WizLab   | Entered Maxwell's Workshop
 42235 | WizLab   | Identified the ring of Jilurph {Ice ^Drain Str+7 Int+4}
 42295 | WizLab   | Reached skill level 21 in Fighting
 42317 | WizLab   | Identified the ring of Holela Izuikk {Fire Int+6 Dex-4}
 42319 | WizLab   | Identified the ring "Zinibb" {Ice Str+3 Stlth+}
 42535 | WizLab   | Identified the ring "Efiwi" {Ice rElec rCorr}
 42557 | WizLab   | Identified the ring "Moanwoisi" {Ice Dex+4}
 42637 | WizLab   | Identified the +8 short sword of the Baking Sybil {freeze,
                  | ^Drain Fly rN+++ Dex-2}
 43077 | Crypt:3  | Entered Level 3 of the Crypt
 43217 | Crypt:3  | Found a basalt altar of Yredelemnul.
 43378 | Crypt:3  | Found a runed translucent door.
 43379 | Crypt:3  | Noticed Dyigyrgh's ghost (adept GrFi)
 43863 | Crypt:3  | Found a staircase to the Tomb.
 43972 | Crypt:3  | Noticed a dread lich
 43996 | Crypt:3  | Killed a dread lich
 44001 | Crypt:3  | Noticed a dread lich
 44027 | Crypt:3  | Killed a dread lich
 44133 | Crypt:3  | Got the Treatise on Sciomancy
 44323 | Crypt:3  | Killed Dyigyrgh's ghost
 44332 | Crypt:3  | Identified the +7 morningstar of the Shouting Big Fish
                  | {holy, rF+ rN+ Dex-5 SInv}
 44661 | Slime:1  | Entered Level 1 of the Pits of Slime
 45129 | Slime:2  | Reached XP level 25. HP: 211/215 MP: 36/36
 46404 | Slime:5  | Entered Level 5 of the Pits of Slime
 46435 | Slime:5  | Noticed the Royal Jelly
 47182 | Slime:5  | Killed the Royal Jelly
 47302 | Slime:5  | Got a slimy rune of Zot
 47307 | Slime:5  | Identified the +0 mace "Etorhu Tyah" {spect, rElec Str-5
                  | Dex+7}
 47440 | Slime:5  | Identified the +3 war axe "Newt's Funeral" {flame, *Corrode
                  | rElec rF++ rN+}
 48086 | Zot:1    | Entered Level 1 of the Realm of Zot
 48091 | Zot:1    | Identified the +3 war axe of Tatiur {speed, Fly rC+ rN+
                  | Int-3}
 48525 | Zot:1    | Reached skill level 22 in Fighting
 49131 | Zot:2    | Reached XP level 26. HP: 68/225 MP: 15/37
 50187 | Zot:3    | Identified the granite talisman of the Gloaming {rC+ rN+
                  | Dex+3}
 50908 | Zot:4    | Noticed an orb of fire
 50976 | Zot:3    | Killed an orb of fire
 51863 | Zot:4    | Noticed an orb of fire
 51916 | Zot:5    | Entered Level 5 of the Realm of Zot
 52206 | Zot:4    | Killed an orb of fire
 52207 | Zot:4    | Reached skill level 23 in Fighting
 52565 | Zot:5    | Reached XP level 27. HP: 151/235 MP: 32/37
 52744 | Zot:5    | Noticed an orb of fire
 52747 | Zot:5    | Noticed an ancient lich
 52767 | Zot:5    | Killed an orb of fire
 52773 | Zot:5    | Killed an ancient lich
 52776 | Zot:5    | Noticed an orb of fire
 52791 | Zot:5    | Killed an orb of fire
 52820 | Zot:5    | Noticed an orb of fire
 52850 | Zot:5    | Killed an orb of fire
 52928 | Zot:5    | Noticed an orb of fire
 52933 | Zot:5    | Noticed a dread lich
 52958 | Zot:5    | Killed a dread lich
 52997 | Zot:5    | Killed an orb of fire
 53199 | Zot:5    | Noticed a dread lich
 53200 | Zot:5    | Noticed an orb of fire
 53289 | Zot:5    | Killed a dread lich
 53701 | Zot:5    | Killed an orb of fire
 54050 | Zot:5    | Got the Orb of Zot
 54268 | Depths:1 | Noticed Puev Xun the pandemonium lord
 54541 | D:$      | Escaped with the Orb!

Illustrated notes

Levels and vault maps discovered:
D:1:      co_arrival_square_in_a_square_in_a_square, layout_basic,
          hellmonk_ecumenical_altar_heavens_door
D:2:      layout_rooms
D:3:      layout_basic
D:4:      layout_rooms, gup_ossuary_entry_pyramid
D:5:      layout_rooms, mainiacjoe_overflow_tiny_flanked
D:6:      layout_loops_ring, jmf_multi_god_temple, uniq_eustachio
D:7:      layout_rooms, mainiacjoe_overflow_six_doors_small,
          minmay_temple_entry_poolview, serial_shops, shop,
          small_statue_intersection, minmay_shop_chei, dk_noncrumbling_4,
          nicolae_wooded_promenade, uniq_pikel, uniq_crazy_yiuf_cottage
D:8:      layout_rooms, erik_lair_island, serial_shops, nicolae_shop_stone
D:9:      layout_long_grid, mainiacjoe_overflow_cross_hatched, uniq_maurice
D:10:     layout_irregular_city, nicolae_vehumet_altar_sigil
D:11:     layout_basic, orc_0_dummy, gauntlet_entry_generic,
          nicolae_looking_at_the_future, uniq_fannar
D:12:     layout_long_grid, special_room [special_room_orc], uniq_erolcha,
          uniq_josephine, uniq_urug
D:13:     layout_long_grid, special_room [special_room_orc]
D:14:     layout_loops_corners, ximxim_vaults_locker_room,
          roderic_lattice_octagonal_star, lightli_church_of_beogh
D:15:     gammafunk_depths_entry_grave, layout_irregular_city,
          nicolae_twisty_statue_hallways
Lair:1:   layout_gridlike, special_room, infiniplex_staircase_pool_2
Lair:2:   layout_regular_city, gammafunk_ghost_hydra_chop, uniq_maggie
Lair:3:   layout_small_grid, nicolae_shoals_entry_flooding,
          minmay_snake_entry_guardpost_small, grunt_megastairs_1,
          lemuel_fruit_tree, uniq_amaemon
Lair:4:   layout_roguey, st_stairs_4, minmay_shattered_shrine,
          grunt_megastairs_3, uniq_snorg, uniq_nessos
Lair:5:   hangedman_lair_tendril_chambers, layout_layer_cave,
          nicolae_slime_entry_field_trip
Shoals:1: nicolae_shoals_lighthouse, layout_shoals, serial_shops, shop,
          shop_fountains
Shoals:2: layout_shoals, gammafunk_ghost_grave, serial_shops,
          nicolae_shop_pleasant_corner_grove, shop, nicolae_book_shop_shelving,
          shop, nicolae_shop_temple_entry_statues_fountains
Shoals:3: layout_shoals
Shoals:4: shoals_end_grunt_ice, layout_shoals, uniq_louise
Snake:1:  layout_onion_interference, serial_bayou_lagoon_a
Snake:2:  layout_misc_corridors, serial_shops, shop, serial_bayou_pond_b,
          st_stairs_8, uniq_jorgrun
Snake:3:  layout_onion, serial_bayou_shore_a
Snake:4:  snake_pit_salamanders_mu, layout_onion_interference,
          nicolae_snake_salamander_fort, uniq_saint_roka, uniq_aizul,
          uniq_agnes, uniq_mlioglotl
Slime:1:  layout_caves
Slime:2:  layout_caves
Slime:3:  nicolae_slime_spelunking
Slime:4:  layout_caves, cheibrodos_slime_lost_civilization_6
Slime:5:  slime_pit_nicolae_inversion
Orc:1:    layout_caves, serial_shops, nicolae_shop_behind_doors,
          portal_ice_cave_entry_ice_simulacra
Orc:2:    st_orc_pillars, layout_caves, biasface_ghost_orc_armoury,
          serial_shops, shop, nicolae_shop_waterfront,
          nicolae_shop_advertising_works [nicolae_subvault_shop_adworks],
          nicolae_shop_hallway_stairs, nicolae_shop_pleasant_corner_grove
Elf:1:    layout_gridlike, kb_rosetta, kilobyte_mutagenic_chamber,
          minmay_shoptagon
Elf:2:    nicolae_elf_blades_splatter_lattice
          [nicolae_blade_entry_diamond_columns], layout_geoelf_octagon,
          minivault_13
Elf:3:    minmay_elf_hall_x, layout_geoelf_diagonals, serial_shops,
          nicolae_shop_tiny_waterfront, nicolae_shop_real_fake_doors, shop
Vaults:1: hangedman_vaults_stretched_pinwheel, hangedman_vaults_unwind,
          nicolae_vaults_tetromino_T_1, v_pattern_2, nicolae_vaults_mitosis,
          hangedman_vaults_pinch, nicolae_vaults_little_squares_5,
          nicolae_vaults_double_plus_2, v_rooms_4, nicolae_vaults_tetromino_L_1,
          vaults_dpeg_ring, nicolae_vaults_trapezoid_lopsided_1,
          layout_vaults_quadrants, serial_shops, bzr_entry_islet, uniq_donald,
          uniq_norris, uniq_zenata
Vaults:2: minmay_crypt_entry_simple_sparse, nicolae_vaults_back_hallway,
          vaults_dpeg_emergency_exit, nicolae_vaults_shrinking_rooms_2,
          nicolae_vaults_tetromino_L_2, vaults_room_hallway,
          nicolae_vaults_storage_closets_1, nicolae_vaults_weapon_check,
          nicolae_vaults_tetromino_Z_2, grunt_vaults_swirl,
          nicolae_vaults_double_plus_1, nicolae_vaults_display_case,
          layout_vaults_maze_snakey, uniq_xtahua, uniq_margery
Vaults:3: nicolae_vaults_border_crossing, nicolae_vaults_puzzle_piece,
          nicolae_vaults_diamond_1, v_rooms_3,
          nicolae_vaults_variable_pillar_hall, hangedman_vaults_variations,
          nicolae_vaults_shipping_containers_2, nicolae_vaults_stepped_doors,
          hangedman_vaults_corner_blocks, hangedman_vaults_slice,
          ontoclasm_vaults_fault, nicolae_vaults_variable_pillar_hall,
          layout_vaults_omnicross, serial_shops, bzr_entry_customers
Vaults:4: nicolae_vaults_shrinking_rooms_1, nicolae_vaults_closet_pinwheel_5,
          nicolae_vaults_taking_the_gang_shopping,
          vaults_standard_mumra_enter_the_diamond,
          nicolae_vaults_more_shelving_2, nicolae_vaults_hexular_roomagon,
          vaults_room_fancy_cross, hangedman_vaults_capsules,
          ontoclasm_vaults_ring_small, nicolae_vaults_little_ls,
          layout_vaults_omnibox, uniq_jory
Vaults:5
Crypt:1:  layout_basic, uniq_mennas
Crypt:2:  layout_misc_corridors, mu_enter_wizlab_1
Crypt:3:  david_glass_crypt, layout_chaotic_city,
          nicolae_tomb_entry_rubble_hallway, ebering_ghost_reflecting_pool,
          lemuel_mausoleum_altar_yredelemnul
Depths:1: layout_gridlike, enter_ziggurat_d, minmay_misc_feat_diagonals,
          pf_hell_entry_tar_spiral, nicolae_elyvilon_temple_path,
          minmay_shop_grove
Depths:2: nicolae_cairo_tiling_large_dashed, layout_cave_shapes,
          amcnicky_mini_pool_small, rand_demon_pan_entry_5, hell_entry,
          abyss_entry
Depths:3: minmay_bad_star, layout_gridville, serial_sigils,
          serial_sigils_hangedman_snap, serial_sigils_hangedman_writhe,
          serial_sigils_hangedman_gnaw, serial_sigils_hangedman_snap,
          serial_sigils_hangedman_etch, serial_sigils_hangedman_gut,
          abyss_entry_crystal, pf_coc_iceberg, enter_trove_5, serial_shops,
          nicolae_shop_tiny_statue_garden, kennysheep_just_a_vault
Depths:4: grunt_zot_entry_tricorne, layout_gridlike, fedhas_altar_3,
          grunt_hell_entry_dis_grunt
Zot:1:    gammafunk_mikee_crab_dinner, layout_misc_corridors
Zot:2:    layout_misc_corridors
Zot:3:    layout_concentric_octagons, regret_index_zotdec_fiery_em
Zot:4:    lemuel_acid_trip, layout_onion, nzn_random_ring
Zot:5:    layout_misc_corridors

Skill      XL: |  1  2  3  4  5  6  7  8  9 10 11 12 13 14 15 16 17 18 19 20 21 22 23 24 25 26 27 |
---------------+----------------------------------------------------------------------------------+-----
Armour         | 1 2 3 4 5 6 7 8 9 10 11 12 13 14 15 16 17 18 19 20 | 20.2
Invocations    | 1 2 3 4 5 6 7 8 9 10 11 12 13 14 15 16 17 18 19 20 21 | 21.7
Axes           | 3 4 5 6 7 8 9 10 11 12 13 14 15 16 17 18 20 21 | 21.2
Fighting       | 4 5 6 7 8 9 10 11 12 13 14 15 16 17 18 19 20 21 22 23 | 23.6
Shields        | 1 3 5 6 7 8 9 10 11 12 13 14 15 16 17 18 19 | 19.5
Dodging        | 3 4 |  4.0
Short Blades   | |  0.6

Action                     |  1- 3 |  4- 6 |  7- 9 | 10-12 | 13-15 | 16-18 | 19-21 | 22-24 | 25-27 || total
---------------------------+-------+-------+-------+-------+-------+-------+-------+-------+-------++-------
  Melee: Short sword       |    31 |       |       |       |       |       |       |       |       ||    31
         Hand axe          |    47 |   144 |   249 |   267 |       |       |    58 |       |       ||   765
         War axe           |       |       |       |   127 |  1230 |  1096 |   342 |   171 |  1950 ||  4916
         Flail             |       |       |       |     2 |    12 |       |       |       |       ||    14
         Trishula          |       |       |       |       |       |   525 |   125 |    19 |       ||   669
         Broad axe         |       |       |       |       |       |       |   956 |  2372 |   367 ||  3695
         Trident           |       |       |       |       |       |       |    83 |    29 |    14 ||   126
  Throw: Throwing net      |       |       |     1 |       |       |       |       |       |       ||     1
         Dart              |       |       |       |     2 |       |       |       |       |       ||     2
 Invoke: Elemental Force   |       |       |     1 |     6 |     5 |     9 |     9 |     7 |    15 ||    52
         Upheaval          |       |       |       |       |     9 |     1 |     3 |       |       ||    13
         Disaster Area     |       |       |       |       |     3 |     5 |     7 |     9 |     7 ||    31
  Evoke: Wand              |       |       |     7 |     2 |    10 |     9 |     3 |     2 |    10 ||    43
         Phial of floods   |       |       |       |       |     1 |       |     1 |       |       ||     2
         Phantom mirror    |       |       |       |       |     1 |     2 |     2 |       |     1 ||     6
         Sack of spiders   |       |       |       |       |       |     2 |     1 |       |     2 ||     5
         Lightning rod     |       |       |       |       |       |       |       |       |     6 ||     6
    Use: Scroll            |     4 |     4 |    10 |     2 |     9 |     4 |    16 |     5 |    12 ||    66
   Stab: Distracted        |       |       |       |     1 |     2 |     1 |     6 |     2 |    14 ||    26
         Petrified         |       |       |       |    11 |       |       |       |       |       ||    11
         Petrifying        |       |       |       |     2 |       |       |       |       |       ||     2
         Paralysed         |       |       |       |       |     4 |     8 |    11 |     4 |    16 ||    43
         Confused          |       |       |       |       |       |       |       |       |     4 ||     4
         Held in net/web   |       |       |       |       |       |       |       |       |     1 ||     1
 Armour: Chain mail        |    38 |    49 |    86 |   200 |   307 |       |       |       |       ||   680
         Robe              |     2 |       |       |       |       |       |       |       |       ||     2
         Plate armour      |       |       |       |       |   182 |   861 |   743 |   727 |  1199 ||  3712
  Dodge: Dodged            |    23 |    11 |    33 |    79 |   156 |   145 |   180 |   187 |   224 ||  1038
         Repelled          |       |       |       |    11 |    18 |    67 |    91 |    55 |   162 ||   404
  Block: Tower shield      |       |   131 |   330 |   774 |  2070 |  2627 |  2267 |  3088 |  3119 || 14406
         Reflection        |       |       |       |       |    63 |   235 |   127 |    54 |    64 ||   543

Table legend: (Time is in decaauts)
 A = Elapsed time spent in this place.
 B = Non-inter-level travel time spent in this place.
 C = Inter-level travel time spent in this place.
 D = Time resting spent in this place.
 E = Time spent auto-exploring this place.
 F = Levels seen in this place.
 G = Mean time per level.
                   A        B        C        D        E       F      G
               +--------+--------+--------+--------+--------+-----+--------+
         Total |  54108 |  49180 |   4928 |   2554 |  24176 |  61 |  887.0 |
       Dungeon |  11663 |  10260 |   1403 |    241 |   6745 |  15 |  777.5 |
          Lair |   5213 |   4589 |    624 |    179 |   2710 |   5 | 1042.6 |
        Shoals |   4270 |   4055 |    215 |    369 |   1744 |   4 | 1067.5 |
     Snake Pit |   2908 |   2609 |    299 |     10 |   1167 |   4 |  727.0 |
    Slime Pits |   2994 |   2658 |    336 |    123 |   1476 |   5 |  598.8 |
  Orcish Mines |   2302 |   1732 |    570 |     78 |    972 |   2 | 1151.0 |
   Elven Halls |   3699 |   3446 |    253 |    326 |   1431 |   3 | 1233.0 |
        Vaults |   5763 |   5478 |    285 |     96 |   2563 |   5 | 1152.6 |
         Crypt |   2911 |   2760 |    151 |     82 |    861 |   3 |  970.3 |
        Depths |   4789 |   4243 |    546 |    111 |   2355 |   4 | 1197.2 |
           Zot |   5582 |   5339 |    243 |    807 |   1907 |   5 | 1116.4 |
         Abyss |    336 |    336 |      0 |     33 |      0 |   1 |  336.0 |
        Bazaar |    130 |    130 |      0 |      0 |     93 |   2 |   65.0 |
       Ossuary |    329 |    329 |      0 |      0 |     60 |   1 |  329.0 |
      Ice Cave |    651 |    651 |      0 |      0 |     47 |   1 |  651.0 |
        Wizlab |    562 |    562 |      0 |     99 |     43 |   1 |  562.0 |
               +--------+--------+--------+--------+--------+-----+--------+

Top non-repeatable levels by time:
   Orc:2: 1718 daAuts
Vaults:1: 1504 daAuts
   Elf:2: 1503 daAuts
   Zot:5: 1452 daAuts
  Lair:5: 1375 daAuts
   Zot:4: 1375 daAuts
    D:14: 1345 daAuts
   Zot:3: 1343 daAuts
Depths:4: 1284 daAuts
   Elf:3: 1228 daAuts
Shoals:1: 1222 daAuts
Shoals:4: 1215 daAuts
Depths:3: 1208 daAuts
Vaults:5: 1205 daAuts
 Crypt:3: 1186 daAuts
